APL (24 & UNDER)
DUNEDIN BLUE JAYS @ MONTGOMERY GREY SOX
09/11/2025
 
TOP OF THE 1ST
Dunedin Blue Jays batting - Pitching for Montgomery Grey Sox : LHP Marcos Bautista
Pitching: LHP Marcos Bautista
Batting: RHB Jaime García 0-0: Bunt for hit - play at first, batter OUT! 1-3
Batting: RHB David Castillo 0-0: Ball
1-0: Fly out, F4 (Popup, 4)
Batting: RHB Harry Miller 0-0: Called Strike
0-1: Foul Ball, location: 2F
0-2: Ball
1-2: Ball
2-2: Foul Ball, location: 2F
2-2: Strikes out swinging
Top of the 1st over - 0 run(s), 0 hit(s), 0 error(s), 0 left on base; Dunedin 0 - Montgomery 0
BOTTOM OF THE 1ST
Montgomery Grey Sox batting - Pitching for Dunedin Blue Jays : RHP Mike Marks
Pitching: RHP Mike Marks
Batting: RHB José Montoya 0-0: Ball
1-0: Called Strike
1-1: Foul Ball, location: 2F
1-2: SOLO HOME RUN (Line Drive, 7D), Distance : 393 ft
Batting: RHB Dean Bailey 0-0: Ball
1-0: Fly out, F9 (Flyball, 9M)
Batting: LHB Al Gaines 0-0: Called Strike
0-1: SINGLE (Groundball, 3D)
Batting: RHB Bob Johnson 0-0: Ball
1-0: Called Strike
1-1: Ball
Al Gaines steals 2nd base
2-1: Ball
3-1: Base on Balls
Batting: RHB Félix Guillén 0-0: Called Strike
0-1: Swinging Strike
0-2: Ball
1-2: Foul Ball, location: 2F
1-2: Ball
2-2: Strikes out swinging
Batting: SHB Joe Pierce 0-0: Ball
1-0: Ball
2-0: Ball
3-0: Base on Balls
Al Gaines to third
Bob Johnson to second
Batting: LHB Alberto Santos 0-0: Swinging Strike
0-1: Ball
1-1: Ball
2-1: Fly out, F9 (Flyball, 9M)
Bottom of the 1st over - 1 run(s), 2 hit(s), 0 error(s), 3 left on base; Dunedin 0 - Montgomery 1
TOP OF THE 2ND
Dunedin Blue Jays batting - Pitching for Montgomery Grey Sox : LHP Marcos Bautista
Batting: RHB Cole Boehmer 0-0: Ball
1-0: Ball
2-0: Reached on error, E5 (Groundball, 56S)
Batting: RHB António Aguilar 0-0: Ball
1-0: Ball
2-0: Ball
3-0: Base on Balls
Batting: RHB Ricky White 0-0: Foul Ball, location: 2F
0-1: Ball
1-1: Foul Ball, location: 2F
1-2: Ball
2-2: Strikes out swinging
Batting: RHB Roy Baker 0-0: Swinging Strike
0-1: Foul Ball, location: 2F
0-2: Foul Ball, location: 2F
0-2: Ball
1-2: Strikes out swinging
Batting: RHB Andrew O'Dell 0-0: Ball
1-0: SINGLE (Line Drive, 7S)
Cole Boehmer to third
António Aguilar to second
Runner from 3rd tries for Home, SAFE, no throw or cutoff
Batting: RHB José Murillo 0-0: Ball
1-0: Ball
2-0: Ball
3-0: Base on Balls
António Aguilar to third
Andrew O'Dell to second
Batting: RHB Jaime García 0-0: Ball
1-0: Ground out 6-3 (Groundball, 6)
Top of the 2nd over - 1 run(s), 1 hit(s), 1 error(s), 3 left on base; Dunedin 1 - Montgomery 1
BOTTOM OF THE 2ND
Montgomery Grey Sox batting - Pitching for Dunedin Blue Jays : RHP Mike Marks
Batting: RHB José Carlos Caraballo 0-0: Ball
1-0: Ball
2-0: Foul Ball, location: 2F
2-1: Ball
3-1: Foul Ball, location: 2F
3-2: Foul Ball, location: 2F
3-2: Base on Balls
Batting: RHB Sergio Gonzáles 0-0: Foul Ball, location: 2F
0-1: SINGLE (Groundball, 56D)
José Carlos Caraballo to second
Batting: RHB José Montoya 0-0: Fielders Choice at 2nd, 5-4 (Groundball, 6)
José Carlos Caraballo to third
Batting: RHB Dean Bailey 0-0: Ball
José Montoya is caught stealing 2nd base
1-0: Fly out, F3 (Popup, 3L)
Bottom of the 2nd over - 0 run(s), 1 hit(s), 0 error(s), 1 left on base; Dunedin 1 - Montgomery 1
TOP OF THE 3RD
Dunedin Blue Jays batting - Pitching for Montgomery Grey Sox : LHP Marcos Bautista
Batting: RHB David Castillo 0-0: Ball
1-0: Foul Ball, location: 2F
1-1: Ball
2-1: Ball
3-1: Base on Balls
Batting: RHB Harry Miller 0-0: Called Strike
0-1: Foul Ball, location: 2F
0-2: Ball
1-2: Ball
2-2: SINGLE (Line Drive, 8RS)
David Castillo to second
Batting: RHB Cole Boehmer 0-0: Ball
1-0: Ball
2-0: Foul Ball, location: 2F
2-1: Foul Ball, location: 2F
2-2: Ball
3-2: Strikes out swinging
Batting: RHB António Aguilar 0-0: Ball
1-0: Grounds into double play, 6-4-3 (Groundball, 6)
Top of the 3rd over - 0 run(s), 1 hit(s), 0 error(s), 1 left on base; Dunedin 1 - Montgomery 1
BOTTOM OF THE 3RD
Montgomery Grey Sox batting - Pitching for Dunedin Blue Jays : RHP Mike Marks
Batting: LHB Al Gaines 0-0: Fly out, F7 (Flyball, 7M)
Batting: RHB Bob Johnson 0-0: Ball
1-0: Foul Ball, location: 2F
1-1: Called Strike
1-2: Ball
2-2: SINGLE (Groundball, 56)
Batting: RHB Félix Guillén 0-0: Ball
1-0: Ball
2-0: Ball
3-0: Called Strike
3-1: Foul Ball, location: 2F
3-2: Fly out, F3 (Popup, 2R)
Batting: SHB Joe Pierce 0-0: Ball
1-0: Ball
2-0: Ball
3-0: Called Strike
3-1: Fly out, F8 (Flyball, 8RM)
Bottom of the 3rd over - 0 run(s), 1 hit(s), 0 error(s), 1 left on base; Dunedin 1 - Montgomery 1
TOP OF THE 4TH
Dunedin Blue Jays batting - Pitching for Montgomery Grey Sox : LHP Marcos Bautista
Batting: RHB Ricky White 0-0: Reached on error, E4 (Groundball, 4)
Batting: RHB Roy Baker 0-0: Called Strike
0-1: Ball
1-1: Called Strike
1-2: Strikes out swinging
Batting: RHB Andrew O'Dell 0-0: Foul Ball, location: 2F
0-1: Ball
1-1: Ball
2-1: Swinging Strike
2-2: Strikes out swinging
Batting: RHB José Murillo 0-0: Called Strike
0-1: Ball
1-1: Ball
2-1: Ball
3-1: Foul Ball, location: 2F
3-2: Fly out, F8 (Flyball, 8RM)
Top of the 4th over - 0 run(s), 0 hit(s), 1 error(s), 1 left on base; Dunedin 1 - Montgomery 1
BOTTOM OF THE 4TH
Montgomery Grey Sox batting - Pitching for Dunedin Blue Jays : RHP Mike Marks
Batting: LHB Alberto Santos 0-0: Called Strike
0-1: Foul Ball, location: 2F
0-2: Fly out, F8 (Flyball, 8RXD)
Batting: RHB José Carlos Caraballo 0-0: Ground out 4-3 (Groundball, 34)
Batting: RHB Sergio Gonzáles 0-0: Foul Ball, location: 2F
0-1: Ball
1-1: Ball
2-1: Ball
3-1: Base on Balls
Pitching: RHP John Robinson
Batting: RHB José Montoya 0-0: Called Strike
Sergio Gonzáles steals 2nd base
0-1: Ball
1-1: Foul Ball, location: 2F
1-2: Foul Ball, location: 2F
1-2: Strikes out swinging
Bottom of the 4th over - 0 run(s), 0 hit(s), 0 error(s), 1 left on base; Dunedin 1 - Montgomery 1
TOP OF THE 5TH
Dunedin Blue Jays batting - Pitching for Montgomery Grey Sox : LHP Marcos Bautista
Batting: RHB Jaime García 0-0: Called Strike
0-1: Swinging Strike
0-2: Foul Ball, location: 2F
0-2: Strikes out swinging
Batting: RHB David Castillo 0-0: Hit by Pitch
Batting: RHB Harry Miller 0-0: Swinging Strike
0-1: Ball
1-1: Ball
Wild Pitch!
David Castillo to second
2-1: Ball
3-1: Foul Ball, location: 2F
3-2: Fly out, F9 (Flyball, 9LM)
Batting: RHB Cole Boehmer 0-0: Called Strike
0-1: Ground out 6-3 (Groundball, 6)
Top of the 5th over - 0 run(s), 0 hit(s), 0 error(s), 1 left on base; Dunedin 1 - Montgomery 1
BOTTOM OF THE 5TH
Montgomery Grey Sox batting - Pitching for Dunedin Blue Jays : RHP John Robinson
Batting: RHB Dean Bailey 0-0: Foul Ball, location: 2F
0-1: Ball
1-1: Swinging Strike
1-2: Ground out 1-3 (Groundball, 13S)
Batting: LHB Al Gaines 0-0: SINGLE (Line Drive, 8RS)
Batting: RHB Bob Johnson 0-0: Called Strike
0-1: Ball
1-1: Ball
2-1: Grounds into double play, 6-4-3 (Groundball, 6M)
Bottom of the 5th over - 0 run(s), 1 hit(s), 0 error(s), 0 left on base; Dunedin 1 - Montgomery 1
TOP OF THE 6TH
Dunedin Blue Jays batting - Pitching for Montgomery Grey Sox : LHP Marcos Bautista
Batting: RHB António Aguilar 0-0: Ball
1-0: Called Strike
1-1: Fly out, F7 (Flyball, 7M)
Batting: RHB Ricky White 0-0: Foul Ball, location: 2F
0-1: Foul Ball, location: 2F
0-2: Strikes out swinging
Batting: RHB Roy Baker 0-0: Ball
1-0: SINGLE (Groundball, 3D)
Pitching: RHP Matt Kinnieson
Batting: RHB Andrew O'Dell 0-0: Ball
1-0: Ball
2-0: Called Strike
2-1: Ball
3-1: Base on Balls
Roy Baker to second
Batting: RHB José Murillo 0-0: Fly out, F8 (Popup, 4MD)
Top of the 6th over - 0 run(s), 1 hit(s), 0 error(s), 2 left on base; Dunedin 1 - Montgomery 1
BOTTOM OF THE 6TH
Montgomery Grey Sox batting - Pitching for Dunedin Blue Jays : RHP John Robinson
Batting: RHB Félix Guillén 0-0: Ball
1-0: Called Strike
1-1: Swinging Strike
1-2: Strikes out swinging
Batting: SHB Joe Pierce 0-0: SINGLE (Groundball, 4M) (infield hit)
Batting: LHB Alberto Santos 0-0: Swinging Strike
0-1: Ball
1-1: Swinging Strike
1-2: Reached on error, E4 (Groundball, 34)
Joe Pierce to second
Batting: RHB José Carlos Caraballo 0-0: Ball
1-0: Called Strike
Joe Pierce steals 3rd base
Alberto Santos to second
1-1: Foul Ball, location: 2F
1-2: Foul Ball, location: 2F
1-2: Fly out, F3 (Line Drive, 34)
Batting: RHB Sergio Gonzáles 0-0: Swinging Strike
0-1: Fly out, F8 (Line Drive, 8RM)
Bottom of the 6th over - 0 run(s), 1 hit(s), 1 error(s), 2 left on base; Dunedin 1 - Montgomery 1
TOP OF THE 7TH
Dunedin Blue Jays batting - Pitching for Montgomery Grey Sox : RHP Matt Kinnieson
Pinch Hitting: SHB Richard Griffin 0-0: Ball
1-0: Ball
2-0: Ball
3-0: Base on Balls
Batting: RHB David Castillo 0-0: Ball
1-0: Ball
Passed Ball!
Richard Griffin to second
2-0: Ball
3-0: Swinging Strike
3-1: Called Strike
3-2: Foul Ball, location: 2F
3-2: Strikes out swinging
Batting: RHB Harry Miller 0-0: Intentional Walk
Pinch Hitting: RHB Ernesto Gonzáles 0-0: Ball
1-0: SINGLE (Line Drive, 78S)
Richard Griffin to third
Harry Miller to second
Batting: RHB António Aguilar 0-0: Foul Ball, location: 2F
0-1: DOUBLE (Line Drive, 7LM)
Richard Griffin scores
Harry Miller scores
Ernesto Gonzáles to third
Batting: RHB Ricky White 0-0: Called Strike
0-1: Foul Ball, location: 2F
0-2: Fly out, F8 (Popup, 6MD)
Pitching: LHP Wilson Romero
Batting: RHB Roy Baker 0-0: Called Strike
0-1: Fly out, F4 (Popup, 8RS)
Top of the 7th over - 2 run(s), 2 hit(s), 0 error(s), 2 left on base; Dunedin 3 - Montgomery 1
BOTTOM OF THE 7TH
Montgomery Grey Sox batting - Pitching for Dunedin Blue Jays : RHP John Robinson
Pitching: RHP Cliff Wolfe
Now at 3B: Richard Griffin
Now in LF: Roberto Félix
Batting: RHB José Montoya 0-0: Called Strike
0-1: Ball
1-1: Foul Ball, location: 2F
1-2: Foul Ball, location: 2F
1-2: Ground out 6-3 (Groundball, 6M)
Batting: RHB Dean Bailey 0-0: Ball
1-0: Ball
2-0: Ball
3-0: Called Strike
3-1: Base on Balls
Batting: LHB Al Gaines 0-0: Called Strike
Dean Bailey steals 2nd base
0-1: Ball
1-1: Called Strike
1-2: Ground out 4-3 (Groundball, 4)
Dean Bailey to third
Batting: RHB Bob Johnson 0-0: Ball
1-0: Ball
2-0: Ball
3-0: Base on Balls
Pinch Hitting: RHB Joe Courtier 0-0: SINGLE (Groundball, 4MD)
Dean Bailey scores
Bob Johnson to second
Pinch Hitting: SHB Marvin López 0-0: Ball
1-0: Ball
2-0: Called Strike
2-1: Ball
3-1: Base on Balls
Bob Johnson to third
Joe Courtier to second
Pitching: RHP George Floyd
Batting: LHB Alberto Santos 0-0: Called Strike
0-1: Ball
1-1: Ball
2-1: Ball
3-1: Fly out, F9 (Line Drive, 9M)
Bottom of the 7th over - 1 run(s), 1 hit(s), 0 error(s), 3 left on base; Dunedin 3 - Montgomery 2
TOP OF THE 8TH
Dunedin Blue Jays batting - Pitching for Montgomery Grey Sox : LHP Wilson Romero
Now at 1B: Marvin López
Now in RF: Joe Courtier
Batting: RHB Andrew O'Dell 0-0: Ball
1-0: Ball
2-0: Called Strike
2-1: Called Strike
2-2: Foul Ball, location: 2F
2-2: Ball
3-2: Foul Ball, location: 2F
3-2: Foul Ball, location: 2F
3-2: Foul Ball, location: 2F
3-2: SINGLE (Groundball, 6MD)
Batting: RHB José Murillo 0-0: Sac Bunt - play at first, batter OUT! 3-4
Andrew O'Dell to second
Pinch Hitting: RHB Dan Alexander 0-0: Ball
1-0: Ball
2-0: Ball
3-0: Called Strike
3-1: Called Strike
3-2: Base on Balls
Batting: RHB David Castillo 0-0: Called Strike
0-1: Called Strike
0-2: Strikes out swinging
Batting: RHB Harry Miller 0-0: Ball
1-0: Ball
2-0: Ball
3-0: Called Strike
3-1: Base on Balls
Andrew O'Dell to third
Dan Alexander to second
Pinch Hitting: RHB Jeff Mason 0-0: Fly out, F7 (Flyball, 8LM)
Top of the 8th over - 0 run(s), 1 hit(s), 0 error(s), 3 left on base; Dunedin 3 - Montgomery 2
BOTTOM OF THE 8TH
Montgomery Grey Sox batting - Pitching for Dunedin Blue Jays : RHP George Floyd
Pitching: RHP Bill Hines
Now at 3B: Jeff Mason
Now at SS: Miguel Costa
Now in LF: Dan Alexander
Batting: RHB José Carlos Caraballo 0-0: Called Strike
0-1: Swinging Strike
0-2: Foul Ball, location: 2F
0-2: Ball
1-2: Ball
2-2: Ball
3-2: Strikes out swinging
Batting: RHB Sergio Gonzáles 0-0: SINGLE (Groundball, 4MD)
Batting: RHB José Montoya 0-0: Ball
1-0: Sac Bunt - play at first, batter OUT! 5-4
Sergio Gonzáles to second
Batting: RHB Dean Bailey 0-0: Ball
1-0: Called Strike
1-1: Swinging Strike
1-2: Ball
2-2: Foul Ball, location: 2F
2-2: Ball
3-2: Foul Ball, location: 2F
3-2: Strikes out swinging
Bottom of the 8th over - 0 run(s), 1 hit(s), 0 error(s), 1 left on base; Dunedin 3 - Montgomery 2
TOP OF THE 9TH
Dunedin Blue Jays batting - Pitching for Montgomery Grey Sox : LHP Wilson Romero
Pitching: RHP Clancy Steele
Batting: RHB António Aguilar 0-0: Foul Ball, location: 2F
0-1: Ball
1-1: Called Strike
1-2: Ball
2-2: Ground out 4-3 (Groundball, 4)
Batting: RHB Ricky White 0-0: Reached on error, E5 (Groundball, 56)
Batting: RHB Roy Baker 0-0: Ball
1-0: Foul Ball, location: 2F
1-1: Ball
2-1: Foul Ball, location: 2F
2-2: Ball
3-2: Strikes out looking
Pinch Hitting: RHB Keith Ivey 0-0: Called Strike
0-1: Called Strike
0-2: Strikes out looking
Top of the 9th over - 0 run(s), 0 hit(s), 1 error(s), 1 left on base; Dunedin 3 - Montgomery 2
BOTTOM OF THE 9TH
Montgomery Grey Sox batting - Pitching for Dunedin Blue Jays : RHP Bill Hines
Pitching: RHP Enrique Paredes
Now at 2B: Fernando Bórquez
Batting: LHB Al Gaines 0-0: Ball
1-0: Ground out 3-1 (Groundball, 34S)
Batting: RHB Bob Johnson 0-0: Called Strike
0-1: Ball
1-1: Ball
2-1: Ground out 6-3 (Groundball, 6)
Batting: RHB Joe Courtier 0-0: Ball
1-0: Ball
2-0: Called Strike
2-1: Swinging Strike
2-2: SINGLE (Groundball, 56D)
Batting: SHB Marvin López 0-0: Foul Ball, location: 2F
0-1: Foul Ball, location: 2F
0-2: Ball
1-2: Fielders Choice at 2nd, 5-4 (Groundball, 56)
Bottom of the 9th over - 0 run(s), 1 hit(s), 0 error(s), 0 left on base; Dunedin 3 - Montgomery 2
This league is powered by Out of the Park Baseball, the baseball management simulation game for PC, Mac and Linux
Tuesday, August 2nd, 2016 - OOTP Baseball 16.8 Build 38